 Dungeon Crawl Stone Soup version 0.29-a0-819-g94b489e0ae (webtiles) character file.

Game seed: 15554485823420776070

985 Anon1729 the Slasher (level 7, -5/62 HPs)
             Began as a Minotaur Monk on July 6, 2022.
             Was an Initiate of Yredelemnul.
             Slain by a cyan ugly thing (12 damage)
             ... on level 6 of the Dungeon.
             The game lasted 00:04:21 (5208 turns).

Anon1729 the Slasher (Minotaur Monk)                Turns: 5208, Time: 00:04:21

Health: -5/62      AC:  7    Str: 15    XL:     7   Next: 97%
Magic:  9/9        EV: 14    Int:  7    God:    Yredelemnul [......]
Gold:   354        SH:  0    Dex: 15    Spells: 6/6 levels left

rFire   . . .      SeeInvis +   a - +0 falchion
rCold   + . .      Faith    .   (no shield)
rNeg    . . .      Spirit   .   w - +1 leather armour "Cenauram" {rC+ Regen+}
rPois   .          Reflect  .   (helmet restricted)
rElec   .          Harm     .   (no cloak)
rCorr   .          Rampage  .   m - +2 pair of gloves "Ydirag" {SInv}
Will    .....                   (no boots)
Stlth   ++........              (no amulet)
HPRegen 1.00/turn               (no ring)
MPRegen 0.11/turn               (no ring)

@: no status effects
A: horns 2, retaliatory headbutt
a: Renounce Religion, Recall Undead Harvest


You were on level 6 of the Dungeon.
You worshipped Yredelemnul.
Yredelemnul was noncommittal.
You visited 1 branch of the dungeon, and saw 6 of its levels.

You collected 354 gold pieces.

Inventory:

Hand Weapons
 a - a +0 falchion (weapon)
Missiles
 s - 3 throwing nets (quivered)
Armour
 b - a +0 robe
 m - the +2 pair of gloves "Ydirag" (worn) {SInv}
   (You found it on level 2 of the Dungeon)

   SInv:      It lets you see invisible.
 o - a +2 ring mail of poison resistance
 w - the +1 leather armour "Cenauram" (worn) {rC+ Regen+}
   (You found it on level 4 of the Dungeon)

   rC:        It protects you from cold.
   Regen:     It increases your rate of health regeneration.
 B - the +1 hat "Lies" {rF+ SInv}
   (You found it on level 6 of the Dungeon)

   rF:        It protects you from fire.
   SInv:      It lets you see invisible.
Jewellery
 q - a ring of flight
Wands
 z - a wand of flame (14)
 C - a wand of paralysis (1)
Scrolls
 d - 2 scrolls of fog {unknown}
 e - 7 scrolls of identify {unknown}
 g - 2 scrolls of brand weapon {unknown}
 i - 3 scrolls of amnesia {unknown}
 j - a scroll of magic mapping {unknown}
 k - a scroll of silence {unknown}
 t - a scroll of vulnerability {unknown}
 x - a scroll of teleportation {unknown}
 y - a scroll of blinking {unknown}
 D - a scroll of summoning {unknown}
Potions
 c - a potion of ambrosia
 f - 2 potions of haste {unknown}
 h - 2 potions of flight {unknown}
 l - a potion of berserk rage {unknown}
 n - 5 potions of curing {unknown}
 p - a potion of attraction {unknown}
 r - 2 potions of heal wounds {unknown}
 u - a potion of might {unknown}
 v - a potion of magic {unknown}
 A - a potion of mutation {unknown}


   Skills:
 + Level 5.6 Fighting
 * Level 7.1 Long Blades
 + Level 2.9 Armour
 + Level 5.1 Dodging
 - Level 1.8 Stealth
 * Level 4.4 Invocations


You had 6 spell levels left.
You didn't know any spells.
Your spell library contained the following spells:

 Spells                   Type           Power      Damage    Failure   Level
 Ensorcelled Hibernation  Hex/Ice        0%         N/A       65%         2
 Spider Form              Tmut/Pois      0%         N/A       86%         3
 Anguish                  Hex/Necr       0%         N/A       99%         4


Dungeon Overview and Level Annotations

Branches:
Dungeon (6/15)             Temple (0/1) D:4

Altars:
Ashenzari
Cheibriados
Dithmenos
Elyvilon
Fedhas
Gozag
Kikubaaqudgha
Ru
Trog
Uskayaw
Vehumet
Yredelemnul

Annotations:
D:4 1 runed translucent door, elite277's ghost, amateur HuNe


Innate Abilities, Weirdness & Mutations

You have a pair of horns on your head.
You reflexively headbutt those who attack you in melee.


Message History

The cyan ugly thing gurgles horribly!
A cyan ugly thing is nearby!
A cyan ugly thing is nearby!
Aiming: Paralyse
Press: ? - help, Shift-Dir - straight line, f - cyan ugly thing
Aim: a cyan ugly thing (ally target, chance to affect: 31%)
The cyan ugly thing easily resists.
Aiming: Paralyse
Press: ? - help, Shift-Dir - straight line, f/p - cyan ugly thing
Aim: a cyan ugly thing (ally target, chance to affect: 31%)
The cyan ugly thing easily resists.
The cyan ugly thing kicks your scorpion zombie!
Your scorpion zombie is destroyed!
Aiming: Paralyse
Press: ? - help, Shift-Dir - straight line, f/p - cyan ugly thing
Aim: a cyan ugly thing (ally target, chance to affect: 31%)
The cyan ugly thing easily resists.
Your orc zombie hits the cyan ugly thing but does no damage.
Aiming: Paralyse
Press: ? - help, Shift-Dir - straight line, f/p - cyan ugly thing
Aim: a cyan ugly thing (ally target, chance to affect: 31%)
The cyan ugly thing easily resists.
The cyan ugly thing kicks you! The cyan ugly thing shocks you!
Aiming: Paralyse
Press: ? - help, Shift-Dir - straight line, f/p - cyan ugly thing
Aim: a cyan ugly thing (ally target, chance to affect: 31%)
The cyan ugly thing easily resists.
Your orc zombie hits the cyan ugly thing.
The cyan ugly thing kicks you! The cyan ugly thing shocks you!
* * * LOW HITPOINT WARNING * * *
Aiming: Paralyse
Press: ? - help, Shift-Dir - straight line, f/p - cyan ugly thing
Aim: a cyan ugly thing (lightly wounded, ally target, chance to affect: 31%)
The cyan ugly thing easily resists.
Your orc zombie hits the cyan ugly thing but does no damage.
The cyan ugly thing kicks you.
* * * LOW HITPOINT WARNING * * *
The cyan ugly thing shocks you!
You die...
Your body rises from the dead as a mindless zombie.

.....# .....# ..
.....# ##.# .....#
#..# ###..## ##..#
##..## #..#
##..#######..##
#............######
#..######....@u....#
#..# #...###Z.....#
#### ##.## #######.#
###


You could see a cyan ugly thing (ally target) and a friendly orc zombie.

Vanquished Creatures
  An ogre (D:5)
  A black bear (D:5)
  A centaur (D:5)
  A phantom (D:5)
  A necrophage (D:4)
  A scorpion (D:6)
  A jelly (D:4)
  2 orc priests
  3 hounds (D:5)
  3 iguanas (D:5)
  3 orc wizards
  6 adders
  A shadow imp (D:6)
  An ufetubus (D:5)
  2 worms (D:3)
  2 dart slugs
  10 orcs
  4 bats
  10 endoplasms
  4 giant cockroaches
  6 goblins
  6 hobgoblins
  7 quokkas
  4 ball pythons
  2 frilled lizards (D:1)
  3 kobolds
  3 rats
89 creatures vanquished.

Vanquished Creatures (collateral kills)
  An orc wizard (D:6)
  An adder (D:2)
  A worm (D:2)
  3 orcs
  2 endoplasms (D:2)
  3 ball pythons (D:2)
  A bat (D:2)
  A frilled lizard (D:2)
  A kobold (D:2)
  A rat (D:2)
15 creatures vanquished.

Vanquished Creatures (others)
  A scorpion zombie (D:6)
  A hound zombie (D:5)
  An adder zombie (D:3)
  3 bat zombies (D:2)
  5 orc zombies
  24 fungi
35 creatures vanquished.

Grand Total: 139 creatures vanquished

Notes
Turn   | Place    | Note
-------+----------+-------------------------------------------
     0 | D:1      | Anon1729 the Minotaur Monk began the quest for the Orb.
     0 | D:1      | Reached XP level 1. HP: 19/19 MP: 0/0
   179 | D:1      | Reached XP level 2. HP: 22/27 MP: 1/1
   419 | D:1      | Reached skill level 4 in Long Blades
   925 | D:2      | Found a faded altar of an unknown god.
   934 | D:2      | Reached XP level 3. HP: 33/33 MP: 2/2
   934 | D:2      | Prayed at the altar of an unknown god.
   934 | D:2      | Became a worshipper of Yredelemnul the Dark
   934 | D:2      | Reached * piety under Yredelemnul
   934 | D:2      | Reached ** piety under Yredelemnul
  1578 | D:2      | Identified the +2 pair of gloves "Ydirag" {SInv}
  1581 | D:2      | Reached *** piety under Yredelemnul
  1787 | D:2      | Reached XP level 4. HP: 40/40 MP: 3/3
  1919 | D:2      | Reached skill level 1 in Invocations
  2199 | D:3      | Reached skill level 5 in Long Blades
  2199 | D:3      | Reached XP level 5. HP: 17/47 MP: 3/5
  2537 | D:3      | Found a bloodstained altar of Trog.
  3274 | D:4      | Found a staircase to the Ecumenical Temple.
  3478 | D:4      | Found a shadowy altar of Dithmenos.
  3493 | D:4      | Reached XP level 6. HP: 48/55 MP: 6/6
  3533 | D:4      | Identified the +1 leather armour "Cenauram" {rC+ Regen+}
  3581 | D:4      | Reached skill level 1 in Armour
  3703 | D:4      | Found an opulent altar of Gozag.
  3703 | D:4      | Found a hide-covered altar of Uskayaw.
  3711 | D:4      | Found a blossoming altar of Fedhas.
  3713 | D:4      | Found a snail-covered altar of Cheibriados.
  3715 | D:4      | Found a sacrificial altar of Ru.
  3988 | D:4      | Found a runed translucent door.
  3992 | D:4      | Noticed elite277's ghost (amateur HuNe)
  4023 | D:5      | Entered Level 5 of the Dungeon
  4105 | D:5      | Found a broken altar of Ashenzari.
  4105 | D:5      | Found an ancient bone altar of Kikubaaqudgha.
  4105 | D:5      | Found a radiant altar of Vehumet.
  4179 | D:5      | Reached skill level 5 in Fighting
  4350 | D:5      | Reached skill level 6 in Long Blades
  4430 | D:5      | Reached XP level 7. HP: 60/61 MP: 8/8
  4891 | D:5      | Reached skill level 5 in Dodging
  4954 | D:6      | Reached skill level 7 in Long Blades
  5102 | D:6      | Identified the +1 hat "Lies" {rF+ SInv}
  5129 | D:6      | Found a white marble altar of Elyvilon.
  5200 | D:6      | Noticed a cyan ugly thing
  5208 | D:6      | Slain by a cyan ugly thing

Illustrated notes

Levels and vault maps discovered:
D:1:      dpeg_arrival_castle, layout_rooms, fountainhead,
          minmay_misc_feat_columns, lemuel_another_geyser
D:2:      minmay_razor_zed, layout_basic, serial_rivers,
          chequers_serial_rivers_micro_e, chequers_serial_rivers_micro_d,
          chequers_serial_rivers_micro_c, chequers_serial_rivers_small_b,
          shapermc_ecumenical_altar_venn
D:3:      layout_loops_ring, mainiacjoe_overflow_six_doors_small
D:4:      layout_loops_corners, mainiacjoe_overflow_cross_hatched,
          chequers_temple_overflow_minitemple, minmay_temple_entry_overgrown,
          ebering_ghost_reflecting_pool
D:5:      layout_loops_ring, gammafunk_temple_overflow_claw, serial_aquarium,
          aquarium_bridge_straight [aquarium_subvault_bridge,
          aquarium_subvault_wall, aquarium_subvault_bridge,
          aquarium_subvault_window], aquarium_window_1, aquarium_window_3,
          aquarium_window_corner, aquarium_window_1, aquarium_view_2b,
          aquarium_view_2c, aquarium_balcony_3a, aquarium_pool_1
D:6:      layout_cave_pods, lemuel_doored_altar

Skill      XL: |  1  2  3  4  5  6  7 |
---------------+----------------------+-----
Long Blades    | 4 5 6 7 |  7.1
Fighting       | 4 5 |  5.6
Invocations    | 1 2 3 4 |  4.4
Dodging        | 4 5 |  5.1
Armour         | 1 2 |  2.9
Stealth        | |  1.8

Action                   |  1- 3 |  4- 6 |  7- 9 || total
-------------------------+-------+-------+-------++-------
Melee: Falchion          |    67 |   150 |    62 ||   279
       Headbutt          |    13 |    26 |    19 ||    58
Invok: Recall Undead Har |       |     2 |     1 ||     3
Evoke: Wand              |       |       |     6 ||     6
 Stab: Sleeping          |     4 |     5 |     1 ||    10
Armor: Robe              |    11 |     1 |       ||    12
       Ring mail         |       |    29 |       ||    29
       Leather armour    |       |    21 |    14 ||    35
Dodge: Dodged            |    41 |   103 |    35 ||   179

Table legend: (Time is in decaauts)
 A = Elapsed time spent in this place.
 B = Non-inter-level travel time spent in this place.
 C = Inter-level travel time spent in this place.
 D = Time resting spent in this place.
 E = Time spent auto-exploring this place.
 F = Levels seen in this place.
 G = Mean time per level.
                   A        B        C        D        E       F      G
               +--------+--------+--------+--------+--------+-----+--------+
         Total |   5221 |   5077 |    144 |    168 |   4132 |   6 |  870.2 |
       Dungeon |   5221 |   5077 |    144 |    168 |   4132 |   6 |  870.2 |
               +--------+--------+--------+--------+--------+-----+--------+

Top non-repeatable levels by time:
     D:2: 1223 daAuts
     D:3: 1109 daAuts
     D:5: 914 daAuts
     D:4: 880 daAuts
     D:1: 827 daAuts
     D:6: 267 daAuts
